 Dungeon Crawl Stone Soup version 0.32-a0-616-g9348d4545b (webtiles) character file.

Game seed: 1554346481759975179

164 ytrimaz the Charlatan (level 5, -2/37 HPs)
             Began as a Coglin Artificer on Mar 6, 2024.
             Succumbed to a gnoll's poison
             ... on level 5 of the Dungeon.
             The game lasted 00:02:51 (2656 turns).

ytrimaz the Charlatan (Coglin Artificer)            Turns: 2656, Time: 00:02:52

Health: -2/37      AC:  3    Str: 14    XL:     5   Next: 45%
Magic:  5/5        EV: 11    Int: 10    God:
Gold:   191        SH:  0    Dex: 15    Spells: 4/4 levels left

rFire   . . .        p - +0 hand axe {Conrad}
rCold   . . .        l - +0 flail {Suthep}
rNeg    . . .        b - +0 leather armour
rPois   .            (no helmet)
rElec   .            (no cloak)
rCorr   .            (no gloves)
SInv    .            (no boots)
Will    .....        (amulet unavailable)
Stlth   +            (ring unavailable)
HPRegen 0.26/turn    (ring unavailable)
MPRegen 0.09/turn    (no gizmo)

%: no passive effects
@: mighty, lethally poisoned (-2 -> -13)
A: off-hand wielding, slow wielding, warmup strikes, no jewellery, MP-powered
wands
a: Invent Gizmo


You were on level 5 of the Dungeon.
You visited 1 branch of the dungeon, and saw 4 of its levels.

You collected 191 gold pieces.


Innate Abilities, Weirdness & Mutations

You can wield a second weapon in your off-hand.
It takes a long time for you to wield or remove held weapons.
Your first few attacks do less damage.
You cannot equip rings or amulets.
You expend magic power (3 MP) to strengthen your wands.


   Skills:
 - Level 1.0 Fighting
 + Level 3.3 Axes
 - Level 1.7 Armour
 - Level 0.8 Dodging
 - Level 0.7 Stealth
 + Level 6.3 Evocations


You had 4 spell levels left.
You didn't know any spells.
Your spell library was empty.

Inventory:

Hand Weapons
 l - a +0 flail (offhand) {Suthep}
   (You took it off a gnoll on level 3 of the Dungeon)
 m - a +0 flail {Suthep}
   (You took it off a gnoll on level 3 of the Dungeon)
 p - a +0 hand axe (weapon) {Conrad}
   (You took it off an orc on level 5 of the Dungeon)
Armour
 b - a +0 leather armour (worn)
Wands
 c - a wand of flame (4)
 d - a wand of charming (14) (quivered)
 e - a wand of iceblast (2)
 k - a wand of polymorph (11)
   (You found it on level 3 of the Dungeon)
Scrolls
 a - a scroll of teleportation {unknown}
 j - a scroll of fog
 n - 2 scrolls of identify
 o - a scroll of amnesia {unknown}
Potions
 f - 2 potions of might
 i - 2 potions of enlightenment {unknown}

Dungeon Overview and Level Annotations

Branches:
Dungeon (3/15) Zot: 21318

Altars:
Kikubaaqudgha
Ru
Uskayaw
The Shining One

Shops:
D:3

[ ###########
#.........#
##.#######.#####
##...# #......
##.###.# #.)####
#@g# ... #..####
#gg# ### #..#...
g.... #..#.##
......# #..#
.......# #..#
.#...._.# #..#
#.##.<.#.. #
########


You could see 4 gnolls.


Message History

You closely miss the iguana with your +0 hand axe.
The iguana bites you. 😕 HP[-3]
You take 3 damage, and now have 34/37 hp.
Unknown command.
You hit the iguana with your +0 hand axe.
You hit the iguana with your +0 flail. The iguana bites you!
The iguana barely misses you. 😮 HP[-7]
You take 7 damage, and now have 27/37 hp.
You hit the iguana with your +0 hand axe.
You thump the iguana with your +0 flail!
The iguana misses you. 😕 HP[+1]
You hit the iguana with your +0 hand axe.
You hit the iguana with your +0 flail.
You kill the iguana!
You see here an iguana corpse.
Unknown command. 😕 HP[+1] Unknown command.
a - a scroll labelled HIURRE LENK 😎 HP[+8]
Your hp is fully restored (37).
An orc comes into view. It is wielding a +0 trident.
The orc shouts!
An orc is nearby!
Unknown command.
An orc is nearby!
The orc barely misses you.
You hit the orc with your +0 hand axe. You hit the orc with your +0 flail.
The orc barely misses you.
You closely miss the orc with your +0 flail.
You closely miss the orc with your +0 hand axe.
The orc closely misses you.
You hit the orc with your +0 hand axe.
You barely miss the orc with your +0 flail.
The orc misses you.
The orc hits you with a +0 trident. 😕 HP[-5]
You take 5 damage, and now have 32/37 hp.
Unknown command.
You barely miss the orc with your +0 flail.
You hit the orc with your +0 hand axe.
You kill the orc! 😕 HP[+1]
A gnoll comes into view. It is wielding a +0 flail. 😎 HP[+4]
Your hp is fully restored (37).
A gnoll is nearby!
A gnoll is nearby!
A gnoll is nearby! 2 gnolls come into view.
A gnoll is wielding a +0 whip of venom and quivering 2 throwing nets.
The gnoll shouts! x3
A gnoll comes into view. It is wielding a +0 halberd.
The gnoll moves out of view.
The gnoll shouts!
Found a sacrificial altar of Ru.
Found a stone staircase leading up.
The gnoll hits you with a +0 club. 😕 HP[-3]
You take 3 damage, and now have 34/37 hp.
The gnoll hits you from afar with a +0 halberd.
The gnoll hits you with a +0 flail. The gnoll misses you.
The gnoll hits you with a +0 whip of venom. 😮 HP[-12]
You take 12 damage, and now have 22/37 hp.
MASSIVE DAMAGE!! (PAUSE)
You are too injured to fight recklessly!
Unknown command.
Unknown command.
Unknown command.
Unknown command.
Unknown command.
Aiming: Charm
Press: ? - help, Q - select action, (/) - cycle Shift-Dir - straight line, f - gnoll
Aim: a gnoll, wielding a +0 whip of venom and quivering 2 throwing nets (chance to affect: 72%)
The gnoll struggles to resist.
The gnoll closely misses you. The gnoll hits you with a +0 flail!
* * * LOW HITPOINT WARNING * * *
The gnoll hits you with a +0 whip of venom!
* * * LOW HITPOINT WARNING * * *
You are lethally poisoned!
The gnoll closely misses you. 😱 HP[-15]
You take 15 damage, and now have 7/37 hp.
MASSIVE DAMAGE!! (PAUSE) It was a potion of might.
You feel very mighty all of a sudden.
* * * LOW HITPOINT WARNING * * *
You feel very sick. The gnoll barely misses you. The gnoll closely misses you.
The gnoll barely misses you. The gnoll hits you with a +0 club.
* * * LOW HITPOINT WARNING * * *
😱 HP[-6]
You take 6 damage, and now have 1/37 hp.
It was a potion of mutation.
You feel extremely strange.
You feel your magical essence link to the dungeon's wands.
You occasionally lose the ability to read scrolls when taking damage.
You no longer become unable to read scrolls after taking damage.
You die...

Skill      XL: |  1  2  3  4  5 |
---------------+----------------+-----
Axes           | 1 2 3 |  3.3
Evocations     | 5 6 |  6.3
Fighting       | |  1.0
Armour         | |  1.7
Dodging        | |  0.8
Stealth        | |  0.7

Action                     |  1- 3 |  4- 6 || total
---------------------------+-------+-------++-------
  Melee: Club              |    79 |    51 ||   130
         Dagger            |    71 |     2 ||    73
         Flail             |       |    42 ||    42
         Hand axe          |       |     8 ||     8
  Evoke: Wand              |    13 |     2 ||    15
    Use: Potion            |     1 |     2 ||     3
         Scroll            |       |     1 ||     1
   Stab: Sleeping          |     2 |       ||     2
 Armour: Leather armour    |    72 |    72 ||   144
  Dodge: Dodged            |    45 |    52 ||    97

Levels and vault maps discovered:
D:1:      eino_arrival_cavern_a, layout_loops_cross
D:2:      layout_basic
D:3:      layout_loops_ring, grunt_temple_overflow_open, serial_shops,
          nicolae_shop_real_fake_doors, hangedman_decor_clover_reticule,
          kennysheep_generic_room_15
D:5:      layout_loops_ring, overflow_temple_1_default,
          mainiacjoe_overflow_catch_the_wave,
          minmay_temple_entry_gardened_gates, kennysheep_small_spiral

Notes
Turn   | Place    | Note
-------+----------+-------------------------------------------
     0 | D:1      | ytrimaz the Coglin Artificer began the quest for the Orb.
     0 | D:1      | Reached XP level 1. HP: 15/15 MP: 1/1
     0 | D:1      | magus.rc [v1.9.6]
   135 | D:1      | Reached skill level 1 in Axes
   135 | D:1      | Reached XP level 2. HP: 7/21 MP: 2/2
   753 | D:1      | Reached XP level 3. HP: 26/26 MP: 3/3
   922 | D:2      | Reached skill level 5 in Evocations
   924 | D:2      | HP: 6/26 [poisoned by an adder]
  1063 | D:2      | Reached skill level 2 in Axes
  1220 | D:2      | HP: 5/26 [poisoned by an adder]
  1220 | D:2      | HP: 1/26 [goblin/+0 club (4)]
  1226 | D:2      | HP: 5/26 [goblin/+0 club (3)]
  1326 | D:2      | Reached XP level 4. HP: 30/32 MP: 4/4
  1845 | D:3      | Found an ancient bone altar of Kikubaaqudgha.
  1851 | D:3      | Found a hide-covered altar of Uskayaw.
  1852 | D:3      | Found a glowing golden altar of the Shining One.
  2256 | D:3      | Reached XP level 5. HP: 34/37 MP: 5/5
  2287 | D:3      | Reached skill level 3 in Axes
  2295 | D:3      | Found Naiw's Antique Armour Boutique.
  2412 | D:3      | You fall into a shaft and drop 2 floors!
  2412 | D:5      | Entered Level 5 of the Dungeon
  2435 | D:5      | Reached skill level 6 in Evocations
  2652 | D:5      | Found a sacrificial altar of Ru.
  2654 | D:5      | HP: 7/37 [gnoll/+0 whip of venom (8)]
  2655 | D:5      | HP: 3/37 [poisoned by a gnoll]
  2655 | D:5      | HP: 1/37 [gnoll/+0 club (2)]
  2656 | D:5      | Gained mutation: You expend magic power (3 MP) to
                  | strengthen your wands. [potion of mutation]
  2656 | D:5      | Gained mutation: You occasionally lose the ability to read
                  | scrolls when taking damage. [potion of mutation]
  2656 | D:5      | Lost mutation: You occasionally lose the ability to read
                  | scrolls when taking damage. [potion of mutation]
  2656 | D:5      | Succumbed to a gnoll's poison

Vanquished Creatures
  An iguana (D:5)
  4 gnolls
  3 adders
  2 ribbon worms (D:2)
  2 dart slugs
  8 orcs
  5 ball pythons
  2 endoplasms (D:2)
  2 giant cockroaches
  4 hobgoblins
  7 kobolds
  2 quokkas
  4 bats
  2 frilled lizards
  6 goblins
  2 rats
56 creatures vanquished.

Table legend:
 A = Non-vault XP
 B = Vault XP
 C = Vault XP percentage of total XP
 D = Non-vault monster count
 E = Vault monster count
 F = Vault count percentage of total count
                 A         B        C        D         E       F
            +---------+---------+-------+---------+---------+-------
      Total |     235 |       0 |   0.0 |      56 |       0 |   0.0
            +---------+---------+-------+---------+---------+-------
        D:1 |      34 |       0 |   0.0 |      12 |       0 |   0.0
        D:2 |      64 |       0 |   0.0 |      20 |       0 |   0.0
        D:3 |      73 |       0 |   0.0 |      18 |       0 |   0.0
        D:5 |      64 |       0 |   0.0 |       6 |       0 |   0.0
            +---------+---------+-------+---------+---------+-------

Skill      XL: |  1  2  3  4  5 |
---------------+----------------+-----
Axes           | 1 2 3 |  3.3
Evocations     | 5 6 |  6.3
Fighting       | |  1.0
Armour         | |  1.7
Dodging        | |  0.8
Stealth        | |  0.7

Action                     |  1- 3 |  4- 6 || total
---------------------------+-------+-------++-------
  Melee: Club              |    79 |    51 ||   130
         Dagger            |    71 |     2 ||    73
         Flail             |       |    42 ||    42
         Hand axe          |       |     8 ||     8
  Evoke: Wand              |    13 |     2 ||    15
    Use: Potion            |     1 |     2 ||     3
         Scroll            |       |     1 ||     1
   Stab: Sleeping          |     2 |       ||     2
 Armour: Leather armour    |    72 |    72 ||   144
  Dodge: Dodged            |    45 |    52 ||    97

Illustrated notes

Table legend:
 A = Kills in this place as a percentage of kills in the entire game.
 B = Kills by you in this place as a percentage of kills by you in the entire game.
 C = Kills by friends in this place as a percentage of kills by friends in the entire game.
 D = Other kills in this place as a percentage of other kills in the entire game.
 E = Experience gained in this place as a percentage of experience gained in the entire game.
 F = Experience gained in this place divided by the number of levels of this place that you have seen.
                   A       B       C       D       E      F
               +-------+-------+-------+-------+-------+----------------------
         Total | 100.0 | 100.0 |   N/A |   N/A | 100.0 |  58.8
       Dungeon | 100.0 | 100.0 |   N/A |   N/A | 100.0 |  58.8
               +-------+-------+-------+-------+-------+----------------------

Table legend: (Time is in decaauts)
 A = Elapsed time spent in this place.
 B = Non-inter-level travel time spent in this place.
 C = Inter-level travel time spent in this place.
 D = Time resting spent in this place.
 E = Time spent auto-exploring this place.
 F = Levels seen in this place.
 G = Mean time per level.
                   A        B        C        D        E       F      G
               +--------+--------+--------+--------+--------+-----+--------+
         Total |   2681 |   2620 |     61 |      0 |   2104 |   4 |  670.2 |
       Dungeon |   2681 |   2620 |     61 |      0 |   2104 |   4 |  670.2 |
               +--------+--------+--------+--------+--------+-----+--------+

Top non-repeatable levels by time:
     D:2: 947 daAuts
     D:1: 831 daAuts
     D:3: 653 daAuts
     D:5: 249 daAuts
